 Dungeon Crawl Stone Soup version 0.30-a0-1123-gabc949cf19 (webtiles) character file.

Game seed: 4795974516011220981

10 Orangeyouglad the Grave Robber (level 2, 0/19 HPs)
             Began as a Human Necromancer on Apr 22, 2023.
             Slain by a spectral hobgoblin (2 damage)
             ... on level 1 of the Dungeon.
             The game lasted 00:01:18 (249 turns).

Orangeyouglad the Grave Robber (Human Necromancer)   Turns: 249, Time: 00:01:18

Health: 0/19       AC:  2    Str:  8    XL:     2   Next: 30%
Magic:  4/5        EV: 12    Int: 15    God:
Gold:   12         SH:  0    Dex: 13    Spells: 4/5 levels left

rFire   . . .        (no weapon)
rCold   . . .        (no shield)
rNeg    . . .        a - +0 robe
rPois   .            (no helmet)
rElec   .            (no cloak)
rCorr   .            (no gloves)
SInv    .            (no boots)
Will    .....        (no amulet)
Stlth   ++           (no ring)
HPRegen 0.23/turn    (no ring)
MPRegen 0.09/turn

%: no passive effects
@: no status effects
A: no striking features
a: no special abilities


You were on level 1 of the Dungeon.
You visited 1 branch of the dungeon, and saw 1 of its levels.

You collected 12 gold pieces.

Inventory:

Hand Weapons
 b - a +0 whip
Armour
 a - a +0 robe (worn)
Scrolls
 c - a scroll of identify {unknown}
 e - a scroll of fear {unknown}
Potions
 d - a potion of lignification {unknown}


   Skills:
 + Level 2.2 Dodging
 + Level 2.2 Stealth
 + Level 2.2 Spellcasting
 + Level 4.1 Necromancy


You had 4 spell levels left.
You knew the following spells:

 Your Spells              Type           Power      Damage    Failure   Level
a - Necrotise             Necr           56%        1d6       4%          1

Your spell library contained the following spells:

 Spells                   Type           Power      Damage    Failure   Level
 Vampiric Draining        Necr           14%        2d7       12%         3
 Animate Dead             Necr           14%        N/A       36%         4
 Agony                    Necr           14%        N/A       73%         5


Dungeon Overview and Level Annotations

Branches:
Dungeon (1/15)

Altars:


Message History

The spectral hobgoblin barely misses you.
Aiming: Necrotise (safe; 4% risk of failure)
Press: ? - help, Q - select action Shift-Dir - straight line, f - hobgoblin
Aim: a hobgoblin (chance to affect: 83%)
The hobgoblin writhes in agony.
The hobgoblin hits you.
* * * LOW HITPOINT WARNING * * *
The spectral hobgoblin hits you.
* * * LOW HITPOINT WARNING * * *
Your kobold skeleton closely misses the hobgoblin.
Aiming: Necrotise (safe; 4% risk of failure)
Press: ? - help, Q - select action Shift-Dir - straight line, f/p - hobgoblin
Aim: a hobgoblin (almost dead, chance to affect: 83%)
The hobgoblin writhes in agony.
You kill the hobgoblin!
The dead are walking!
The spectral hobgoblin closely misses you.
You swap places.
The spectral hobgoblin closely misses you.
Your kobold skeleton barely misses the spectral hobgoblin.
You swap places.
Your hobgoblin skeleton hits the spectral hobgoblin but does no damage. x2
Your hobgoblin skeleton hits the spectral hobgoblin but does no damage.
Things that are here:
a +0 whip; a stone What are your orders? t - Shout!
Orders for allies: a - Attack new target. r - Retreat! s - Stop attacking. g - Guard the area. f - Follow me.
Anything else - Cancel.
Gang up on whom?
Press: ? - help, Dir - move target, f - spectral hobgoblin
Aim: a spectral hobgoblin (ally target) Attack!
The spectral hobgoblin hits you.
* * * LOW HITPOINT WARNING * * *
Your hobgoblin skeleton completely misses the spectral hobgoblin.
b - a +0 whip The spectral hobgoblin hits you.
You die...

### ####'#### ###
##...§§..##
#.........# ...
#......§..# ...
##.....§.## ..#
###'''### ...
#.ZZ######## ...
#..ZZ......########g..
#####@.....##...#.....
#......##...#.....
#..........†......
#...........#.....
###.........#.....
#.........#.....
#.........#.....
###.####.##.....
#...........Z...


You could see a spectral hobgoblin (ally target), 2 friendly hobgoblin skeletons
and a friendly kobold skeleton.

Vanquished Creatures
  A dart slug (D:1)
  An endoplasm (D:1)
  A giant cockroach (D:1)
  2 hobgoblins (D:1)
  A kobold (D:1)
  A rat (D:1)
7 creatures vanquished.

Vanquished Creatures (collateral kills)
  A rat (D:1)
1 creature vanquished.

Grand Total: 8 creatures vanquished

Notes
Turn   | Place    | Note
-------+----------+-------------------------------------------
     0 | D:1      | Orangeyouglad the Human Necromancer began the quest for the
                  | Orb.
     0 | D:1      | Reached XP level 1. HP: 13/13 MP: 3/3
   178 | D:1      | Found a faded altar of an unknown god.
   214 | D:1      | Reached XP level 2. HP: 16/19 MP: 1/5
   249 | D:1      | Slain by a spectral hobgoblin

Illustrated notes

Levels and vault maps discovered:
D:1:      shiori_arrival_elements, layout_basic,
          dreamdust_ecumenical_altar_drowned_temple, grunt_decor_fettered

Action                     || total
---------------------------++-------
  Melee: Unarmed           ||    14
         Punch             ||     1
   Cast: Necrotise         ||    14
    Use: Potion            ||     1
 Armour: Robe              ||     5
  Dodge: Dodged            ||    26

Table legend: (Time is in decaauts)
 A = Elapsed time spent in this place.
 B = Non-inter-level travel time spent in this place.
 C = Inter-level travel time spent in this place.
 D = Time resting spent in this place.
 E = Time spent auto-exploring this place.
 F = Levels seen in this place.
 G = Mean time per level.
                   A        B        C        D        E       F      G
               +--------+--------+--------+--------+--------+-----+--------+
         Total |    251 |    251 |      0 |     42 |     98 |   1 |  251.0 |
       Dungeon |    251 |    251 |      0 |     42 |     98 |   1 |  251.0 |
               +--------+--------+--------+--------+--------+-----+--------+

Top non-repeatable levels by time:
     D:1: 251 daAuts
